 Dungeon Crawl Stone Soup version 0.23.2 (webtiles) character file.

Game seed: 18171411048279509100

261472 Marnok the Hoplite (level 19, -5/159 HPs)
             Began as a Minotaur Fighter on Apr 10, 2019.
             Was a High Priest of Wu Jian.
             Killed from afar by an acid blob (6 damage)
             ... with a splash of acid
             ... on level 3 of the Pits of Slime.
             The game lasted 02:46:33 (34625 turns).

Marnok the Hoplite (Minotaur Fighter)              Turns: 34625, Time: 02:46:33

Health: -5/159     AC: 10    Str: 39    XL:     19   Next: 58%
Magic:  6/6        EV: 13    Int:  7    God:    Wu Jian [*****.]
Gold:   2343       SH: 31    Dex: 10    Spells: 17/21 levels left

rFire    . . .     SeeInvis .   H - +6 rapier "Ebekh" {antimagic, Str+7 Int+2 Stlth-}
rCold    + . .     Gourm    .   r - +1 large shield
rNeg     + + .     Faith    .   Z - +1 chain mail {MR+}
rPois    +         Spirit   .   N - +2 hat {MR+}
rElec    .         Reflect  +   D - +2 ratskin cloak {+Rats rPois rN+ Str-1 Int-1 Dex+1}
rCorr    +         Harm     .   g - +0 pair of gloves
MR       +++..                  (no boots)
Stlth    ..........             S - +3 amulet of reflection
HPRegen  0.36/turn              m - ring of resist corrosion
MPRegen  0.10/turn              K - ring of Huqytino {+Fly rPois rN+ Str+6 Int+2}

@: corroded, glowing, heavenly storm
A: retaliatory headbutt, horns 2, thin metallic scales 1, yellow scales 1,
blurry vision 1, clumsy 1, cold resistance 1, deterioration 1, dopey 1, frail 1,
poison resistance, evolution 1, subdued magic 1
}: 1/15 runes: decaying
a: Wall Jump, Serpent's Lash, Heavenly Storm, Renounce Religion, Evoke Ratskin,
Evoke Flight


You were on level 3 of the Pits of Slime.
You worshipped Wu Jian.
Wu Jian was extremely pleased with you.
You were not hungry.

You visited 7 branches of the dungeon, and saw 33 of its levels.
You also visited: Bailey.

You collected 3240 gold pieces.
You spent 897 gold pieces at shops.

Inventory:

Hand Weapons
 H - the +6 rapier "Ebekh" (weapon) {antimagic, Str+7 Int+2 Stlth-}
   (You found it on level 5 of the Dungeon)

   It reduces the magical energy of the wielder, and disrupts the spells and
   magical abilities of those hit.
   Natural abilities and divine invocations are not affected.
   It affects your strength (+7).
   It affects your intelligence (+2).
   It makes you less stealthy.
Missiles
 s - 64 tomahawks of returning (quivered)
Armour
 g - a +0 pair of gloves (worn)
 r - a +1 large shield (worn)
 D - the +2 ratskin cloak (worn) {+Rats rPois rN+ Str-1 Int-1 Dex+1}
   (You found it on level 10 of the Dungeon)

   It affects your strength (-1).
   It affects your intelligence (-1).
   It affects your dexterity (+1).
   It protects you from poison.
   It protects you from negative energy.
 N - a +2 hat of magic resistance (worn)
 Z - a +1 chain mail of magic resistance (worn)
Jewellery
 m - a ring of resist corrosion (left hand)
 C - the ring of Harmony {Wiz rElec rN++ Str+4 Dex-3}
   (You took it off a deep elf annihilator on level 3 of the Elven Halls)

   [ring of wizardry]

   It improves your spell success rate.
   It affects your strength (+4).
   It affects your dexterity (-3).
   It insulates you from electricity.
   It greatly protects you from negative energy.
 K - the ring of Huqytino (right hand) {+Fly rPois rN+ Str+6 Int+2}
   (You found it on level 14 of the Dungeon)

   [ring of flight]

   It affects your strength (+6).
   It affects your intelligence (+2).
   It protects you from poison.
   It protects you from negative energy.
   It lets you fly.
 S - a +3 amulet of reflection (around neck)
 V - the amulet of Vitality {Regen+ HP+15}
   (You found it on level 3 of the Elven Halls)

   [amulet of regeneration]

   It affects your health (+15).
   It increases your rate of regeneration.
Wands
 b - a wand of random effects (34)
 d - a wand of polymorph (2)
 h - a wand of enslavement (16)
 j - a wand of digging (10)
 u - a wand of paralysis (11)
 E - a wand of disintegration (55)
 G - a wand of scattershot (6)
 J - a wand of iceblast (17)
 O - a wand of clouds (4)
 R - a wand of acid (19)
Scrolls
 a - 2 scrolls of blinking
 c - 2 scrolls of identify
 k - 14 scrolls of remove curse
 l - 4 scrolls of fog
 q - 5 scrolls of magic mapping
 z - 3 scrolls of fear
 I - 9 scrolls of amnesia
 M - a scroll of silence
 Q - 2 scrolls of enchant weapon
Potions
 e - 8 potions of mutation
 i - a potion of curing
 w - 8 potions of brilliance
 A - 8 potions of magic
 B - a potion of agility
 F - 6 potions of flight
 P - 6 potions of ambrosia
 U - 2 potions of resistance
 X - 3 potions of haste
Miscellaneous
 n - a lamp of fire
 y - a crystal ball of energy
 L - a fan of gales
 W - a lamp of fire
 Y - a phial of floods
Comestibles
 f - 28 rations


   Skills:
 + Level 17.3 Fighting
 + Level 17.5(17.6) Short Blades
   Level 2.2(13.0) Long Blades
   Level 7.8 Axes
 + Level 5.1 Throwing
 + Level 15.4 Armour
 + Level 9.0 Dodging
 + Level 4.2 Stealth
 + Level 23.1 Shields
 + Level 1.6 Spellcasting
 + Level 1.5 Hexes
 + Level 2.9 Evocations


You had 17 spell levels left.
You knew the following spells:

 Your Spells              Type           Power        Failure   Level  Hunger
a - Tukima's Dance        Hex            #.......     87%         3    ####...
b - Corona                Hex            #......      50%         1    ##.....

Your spell library contained the following spells:

 Spells                   Type           Power        Failure   Level  Hunger
 Slow                     Hex            #.......     65%         2    ###....
 Flame Tongue             Conj/Fire      #....        73%         1    ##.....
 Magic Dart               Conj           #...         73%         1    ##.....
 Shock                    Conj/Air       #...         73%         1    ##.....
 Ensorcelled Hibernation  Hex/Ice        #.....       77%         2    ###....
 Blink                    Tloc           N/A          86%         2    ###....
 Call Imp                 Summ           #.......     86%         2    ###....
 Poisonous Vapours        Pois/Air       #.....       86%         2    ###....
 Swiftness                Chrm/Air       #.......     86%         2    ###....
 Confuse                  Hex            #.......     87%         3    ####...
 Dazzling Spray           Conj/Hex       #.....       94%         3    ####...
 Inner Flame              Hex/Fire       #.......     94%         3    ####...
 Portal Projectile        Hex/Tloc       #.....       94%         3    ####...
 Call Canine Familiar     Summ           #.......     98%         3    ####...
 Conjure Flame            Conj/Fire      #.......     98%         3    ####...
 Mephitic Cloud           Conj/Pois/Air  #.......     98%         3    ####...
 Static Discharge         Conj/Air       #.......     98%         3    ####...
 Cause Fear               Hex            #.........   99%         4    #####..
 Airstrike                Air            #.........   100%        4    #####..
 Leda's Liquefaction      Hex/Erth       #.........   100%        4    #####..
 Bolt of Magma            Conj/Fire/Erth #.........   100%        5    ######.
 Borgnjor's Vile Clutch   Necr/Erth      #.........   100%        5    ######.
 Iskenderun's Battlesphe  Conj/Chrm      #.......     100%        5    ######.
 Lightning Bolt           Conj/Air       #.........   100%        5    ######.
 Silence                  Hex/Air        #.........   100%        5    ######.
 Summon Demon             Summ           #.........   100%        5    ######.
 Venom Bolt               Conj/Pois      #.........   100%        5    ######.
 Bolt of Fire             Conj/Fire      #.........   100%        6    #######
 Darkness                 Hex            #.........   100%        6    #######
 Freezing Cloud           Conj/Ice/Air   #.........   100%        6    #######
 Iron Shot                Conj/Erth      #.........   100%        6    #######
 Shadow Creatures         Summ           N/A          100%        6    #######
 Dragon Form              Tmut           #.........   100%        7    #######
 Orb of Destruction       Conj           #.........   100%        7    #######
 Ring of Flames           Chrm/Fire      #.........   100%        7    #######
 Spellforged Servitor     Conj/Summ      #.........   100%        7    #######
 Ignition                 Fire           #.........   100%        8    #######
 Dragon's Call            Summ           #.........   100%        9    #######
 Shatter                  Erth           #.........   100%        9    #######
 Tornado                  Air            #.........   100%        9    #######


Dungeon Overview and Level Annotations

Branches:
Dungeon (15/15)            Temple (1/1) D:5            Lair (5/6) D:9
  Swamp (4/4) Lair:3        Snake (0/4) Lair:2        Slime (3/5) Lair:5
    Orc (2/2) D:11            Elf (3/3) Orc:2        Vaults (0/5) D:14
 Depths (0/5) D:15

Altars:
Ashenzari
Cheibriados
Dithmenos
Elyvilon
Fedhas
Gozag
Hepliaklqana
Kikubaaqudgha
Makhleb
Nemelex Xobeh
Okawaru
Qazlal
Ru
Sif Muna
Trog
Uskayaw
Vehumet
Wu Jian
Xom
Yredelemnul
Zin
The Shining One
Beogh
Jiyva

Shops:
D:4 =   D:7 (   D:8 (}*   D:11 (   D:15 (   Orc:2 }(?(   Elf:1 %   Elf:2 *
Elf:3 :

Annotations:
Lair:1 2 runed translucent doors, Scypier's ghost, journeyman TrMo
Lair:4 2 transporters, Xyudeake's ghost, journeyman DEFE
Lair:5 exclusion: oklob plant


Innate Abilities, Weirdness & Mutations

You reflexively headbutt those who attack you in melee.
You have a pair of horns on your head.
You are partially covered in thin metallic scales. (AC +2)
You are partially covered in yellow scales. (AC +2)
Scrolls take you a little longer to read.
You are clumsy. (Dex -2)
Your flesh is cold resistant. (rC+)
Your body sometimes deteriorates upon taking damage.
You are dopey. (Int -2)
You are frail. (-10% HP)
Your system is resistant to poisons. (rPois)
You evolve.
Your spells are a little easier to cast, but a little less powerful.


Message History

Really read with blurry vision while enemies are nearby? [Y]es or [N]o only, please.
Really read with blurry vision while enemies are nearby? [Y]es or [N]o only, please.
Really read with blurry vision while enemies are nearby?
The azure jelly hits you.
* * * LOW HITPOINT WARNING * * *
The azure jelly freezes you!! You resist.
* * * LOW HITPOINT WARNING * * *
The azure jelly misses you. You block the azure jelly's attack.
The azure jelly hits you but does no damage.
You begin reading the scroll.
You continue reading the scroll.
The acid blob spits acid at you. The splash of acid hits you. You resist.
* * * LOW HITPOINT WARNING * * *
The acid corrodes you!
You are splashed with acid!
You resist.
* * * LOW HITPOINT WARNING * * *
The acid blob spits acid at you. The splash of acid hits you. You resist.
You die...

............
.#.#.......##
.........#..
##.#.........
##§☼☼☼§§......
##.§§☼§☼§☼.....
#..G§G§§§§.....
##.☼§JJJ§☼.....
#..☼§G@§§☼.....
#....§☼§§§§.....
#....§§§☼§......
#...#...........
##..............
#...#..........
##.....#...#...
#........#...


You could see 2 acid blobs, an azure jelly, a great orb of eyes and an eye of
draining.

Vanquished Creatures
  Mara (Swamp:3)
  3 deep elf blademasters
  7 acid blobs
  Kirke (D:15)
  Agnes (D:15)
  Gastronok (D:8)
  4 thorn hunters
  Roxanne (Elf:1)
  6 deep elf sorcerers (Elf:3)
  4 azure jellies (Slime:2)
  Aizul (Elf:1)
  An orc warlord (Orc:2)
  A deep elf elementalist (Elf:3)
  Louise (D:15)
  A stone giant (Orc:1)
  Azrael (D:14)
  A deep elf annihilator (Elf:3)
  7 deep elf demonologists
  A dire elephant (D:15)
  6 deep elf death magi (Elf:3)
  2 great orbs of eyes
  2 deep elf high priests (Elf:3)
  A rakshasa (D:15)
  27 hydras
  Erica (Lair:2)
  4 shambling mangroves
  6 centaur warriors
  A death knight (D:15)
  A catoblepas (D:15)
  14 alligators
  2 two-headed ogres
  34 dancing weapons
  3 tengu warriors
  5 orc high priests (Orc:2)
  A queen ant (D:9)
  32 deep elf knights
  A large abomination (Elf:3)
  A skeletal warrior (D:15)
  54 slime creatures
  An unseen horror (D:13)
  4 orc knights
  12 swamp dragons
  18 deep elf archers
  87 deep elf magi
  A phantasmal warrior (D:15)
  A harpy (shapeshifter) (D:14)
  3 orc sorcerers
  Pikel (D:9)
  2 shining eyes (Slime:2)
  8 ugly things
  A wolf spider (D:15)
  2 cyclopes (D:15)
  4 manticores
  A black mamba (Lair:1)
  3 elephants (Lair:5)
  2 rime drakes
  An eye of devastation (Slime:3)
  A gargoyle (D:15)
  15 spiny frogs
  A kobold demonologist (D:13)
  A spiny frog (shapeshifter) (Elf:2)
  8 komodo dragons
  A tengu conjurer (D:15)
  A freezing wraith (D:15)
  8 trolls
  A troll (shapeshifter) (D:11)
  A jumping spider (shapeshifter) (D:14)
  A queen bee (D:8)
  7 blink frogs (Lair:4)
  14 tyrant leeches
  15 hornets
  Prince Ribbit (D:9)
  A hippogriff (shapeshifter) (D:14)
  9 hippogriffs
  6 bog bodies
  6 spriggans
  4 shadows
  2 wraiths (D:15)
  7 water elementals
  An air elemental (Elf:1)
  2 wyverns (D:15)
  35 yaks
  7 fire elementals
  A yak (shapeshifter) (Elf:1)
  A hog (shapeshifter) (Elf:3)
  2 hogs (D:15)
  2 basilisks
  A steam dragon (D:11)
  17 vampire mosquitoes
  3 wargs
  22 swamp worms
  6 soldier ants
  16 insubstantial wisps
  7 water moccasins
  A hell hound (D:14)
  3 porcupines
  21 orc warriors
  An ice beast (D:7)
  A hornet zombie (D:9)
  4 sky beasts
  11 ogres
  17 swamp drakes
  A black bear (Lair:3)
  A phantom (D:6)
  2 necrophages
  2 eyes of draining
  12 wolves
  17 centaurs
  7 crocodiles
  3 big kobolds
  18 bullfrogs
  A gnoll sergeant (D:9)
  8 earth elementals
  2 wyvern skeletons
  4 scorpions
  18 killer bees
  6 electric eels
  7 crimson imps
  4 centaur zombies
  4 bullfrog zombies
  2 quasits
  4 centaur skeletons
  12 hounds
  6 jellies
  28 orc priests
  A gnoll shaman (D:4)
  5 iguanas
  Terence (D:3)
  27 orc wizards
  24 worker ants
  A hound skeleton (D:7)
  25 gnolls
  2 howler monkey skeletons
  9 adders
  3 shadow imps
  2 adder zombies
  5 dart slugs
  8 leopard geckos
  70 orcs
  7 giant cockroaches
  9 goblins
  15 hobgoblins
  6 jackals
  27 kobolds
  4 ball pythons
  6 bats
  5 frilled lizards
  A giant cockroach zombie (D:3)
  A leopard gecko zombie (D:5)
  A quokka skeleton (D:4)
  7 rats
  A briar patch (Swamp:4)
  A crawling corpse (Elf:3)
  A fungus (Elf:3)
1131 creatures vanquished.

Vanquished Creatures (others)
  2 deep elf master archers (Elf:3)
  A deep elf demonologist (Elf:1)
  Harold (D:9)
  A deep elf knight (Elf:1)
  A deep elf archer (Elf:1)
  2 deep elf magi (Elf:1)
  A swamp drake (Swamp:4)
  2 slaves (D:9)
  2 centaurs
  An orc priest (Orc:2)
  4 orcs
  3 hobgoblins (Bailey)
  A kobold (Bailey)
  5 briar patches
  2 fungi
  A plant (Lair:4)
30 creatures vanquished.

Grand Total: 1161 creatures vanquished

Notes
Turn   | Place    | Note
-------+----------+-------------------------------------------
     0 | D:1      | Marnok the Minotaur Fighter began the quest for the Orb.
     0 | D:1      | Reached XP level 1. HP: 19/19 MP: 0/0
   178 | D:1      | Reached skill level 4 in Shields
   178 | D:1      | Reached XP level 2. HP: 27/27 MP: 1/1
   488 | D:1      | Reached XP level 3. HP: 29/33 MP: 2/2
   905 | D:2      | Reached XP level 4. HP: 37/40 MP: 3/3
  1216 | D:3      | Found a snail-covered altar of Cheibriados.
  1255 | D:3      | Found a blossoming altar of Fedhas.
  1438 | D:3      | Found a shattered altar of Ashenzari.
  1495 | D:3      | Noticed Terence
  1509 | D:3      | Killed Terence
  1929 | D:4      | Reached XP level 5. HP: 45/47 MP: 4/4
  2003 | D:4      | Reached skill level 1 in Dodging
  2314 | D:4      | Found Ziruenut's Jewellery Boutique.
  2328 | D:4      | Reached skill level 5 in Axes
  2331 | D:4      | Reached XP level 6. HP: 43/55 MP: 5/5
  2871 | D:5      | Entered Level 5 of the Dungeon
  2885 | D:5      | Reached skill level 5 in Shields
  2899 | D:5      | Found a staircase to the Ecumenical Temple.
  2943 | D:5      | Found a hide-covered altar of Uskayaw.
  2981 | D:5      | Reached skill level 5 in Armour
  3133 | D:5      | Reached XP level 7. HP: 54/60 MP: 6/6
  3330 | D:5      | Got a dazzling rapier
  3360 | D:5      | Reached skill level 5 in Fighting
  3555 | D:5      | Gained mutation: You have sharp toenails. [potion of
                  | mutation]
  3555 | D:5      | Gained mutation: You are weak. (Str -2) [potion of
                  | mutation]
  3555 | D:5      | Gained mutation: You have razor-sharp toenails. [potion of
                  | mutation]
  3627 | Temple   | Entered the Ecumenical Temple
  3846 | Temple   | Became a worshipper of the Wu Jian Council
  3886 | D:5      | Found a faded altar of an unknown god.
  3886 | D:5      | Found a faded altar of an unknown god.
  3892 | D:5      | Found a deep blue altar of Sif Muna.
  3894 | D:5      | Found an ancient bone altar of Kikubaaqudgha.
  3896 | D:5      | Found a sacrificial altar of Ru.
  4047 | D:5      | Identified the +6 rapier "Ebekh" {antimagic, Str+7 Int+2
                  | Stlth-} (You found it on level 5 of the Dungeon)
  4394 | D:6      | Reached skill level 6 in Shields
  4477 | D:6      | Reached XP level 8. HP: 66/68 MP: 2/7
  4544 | D:6      | Reached skill level 1 in Short Blades
  4613 | D:6      | Found a glowing silver altar of Zin.
  5311 | D:7      | Reached * piety under Wu Jian
  5339 | D:7      | Reached skill level 1 in Stealth
  5678 | D:7      | Found a hazy altar of Hepliaklqana.
  5745 | D:7      | Found Asiydd's Antique Weapon Shop.
  5871 | D:8      | Found Viacw's Assorted Antiques.
  5881 | D:8      | Reached skill level 7 in Shields
  5901 | D:8      | Bought a potion of heal wounds for 170 gold pieces
  5901 | D:8      | Bought a scroll of identify for 68 gold pieces
  5901 | D:8      | Bought a scroll of identify for 68 gold pieces
  5920 | D:8      | Noticed a queen bee
  5923 | D:8      | Reached XP level 9. HP: 68/75 MP: 2/8
  5941 | D:8      | Reached skill level 5 in Short Blades
  5955 | D:8      | Killed a queen bee
  6222 | D:8      | Reached ** piety under Wu Jian
  6251 | D:8      | Reached skill level 8 in Shields
  6254 | D:8      | Noticed Gastronok
  6274 | D:8      | Killed Gastronok
  6274 | D:8      | Reached XP level 10. HP: 37/86 MP: 3/9
  6275 | D:8      | Found a shadowy altar of Dithmenos.
  6504 | D:8      | Found Volemagguixt's Gadget Shop.
  6505 | D:8      | Found Zis Argh's Weapon Shoppe.
  6520 | D:8      | Learned a level 3 spell: Tukima's Dance
  6660 | D:8      | Learned a level 1 spell: Corona
  6912 | D:9      | Reached skill level 9 in Shields
  6927 | D:9      | Found a staircase to the Lair.
  7343 | D:9      | Found a bloodstained altar of Trog.
  7344 | D:9      | Noticed Prince Ribbit
  7361 | D:9      | Killed Prince Ribbit
  7408 | D:9      | Found a stormy altar of Qazlal.
  7466 | D:9      | Reached *** piety under Wu Jian
  7641 | D:9      | Noticed a queen ant
  7660 | D:9      | Killed a queen ant
  7660 | D:9      | Reached skill level 10 in Short Blades
  7707 | D:9      | Reached XP level 11. HP: 86/92 MP: 2/10
  7879 | D:9      | Found an iron altar of Okawaru.
  7880 | D:9      | Noticed Harold
  7882 | D:9      | Noticed Pikel
  7898 | D:9      | Killed Pikel
  7909 | D:9      | Killed Harold
  8115 | D:9      | Reached skill level 10 in Shields
  8155 | D:9      | Noticed a centaur warrior
  8162 | D:9      | Killed a centaur warrior
  8282 | D:10     | Entered Level 10 of the Dungeon
  8421 | D:10     | Reached **** piety under Wu Jian
  9004 | D:10     | Found the +2 ratskin cloak {+Rats rPois rN+ Str-1 Int-1
                  | Dex+1}
  9167 | D:11     | Noticed a green ugly thing
  9188 | D:10     | Killed a green ugly thing
  9442 | D:10     | Reached skill level 1 in Spellcasting
  9667 | D:11     | Reached skill level 11 in Shields
  9668 | D:11     | Noticed a red ugly thing
  9669 | D:11     | Noticed a white ugly thing
  9677 | D:11     | Reached skill level 10 in Armour
  9683 | D:11     | Killed a red ugly thing
  9689 | D:11     | Killed a red ugly thing
  9718 | D:11     | Reached XP level 12. HP: 104/104 MP: 4/12
  9746 | D:11     | Reached ***** piety under Wu Jian
  9861 | D:11     | Found a staircase to the Orcish Mines.
  9868 | D:11     | Found Geosoenei's Weapon Shoppe.
 10603 | D:12     | Got a distressingly furry scale mail
 10783 | D:13     | Found a flagged portal.
 10797 | Bailey   | Entered a bailey
 11100 | Bailey   | Lost mutation: You are weak. (Str -2) [potion of mutation]
 11100 | Bailey   | Lost mutation: You have razor-sharp toenails. [potion of
                  | mutation]
 11100 | Bailey   | Lost mutation: You have sharp toenails. [potion of
                  | mutation]
 11100 | Bailey   | Gained mutation: You are clumsy. (Dex -2) [potion of
                  | mutation]
 11100 | Bailey   | Gained mutation: You expend magic power (3 MP) to
                  | strengthen your wands. [potion of mutation]
 11101 | Bailey   | Lost mutation: You expend magic power (3 MP) to strengthen
                  | your wands. [potion of mutation]
 11101 | Bailey   | Lost mutation: You are clumsy. (Dex -2) [potion of
                  | mutation]
 11101 | Bailey   | Gained mutation: You are partially covered in thin metallic
                  | scales. (AC +2) [potion of mutation]
 11101 | Bailey   | Gained mutation: Your flesh is heat resistant. (rF+)
                  | [potion of mutation]
 11101 | Bailey   | Gained mutation: You expend magic power (3 MP) to
                  | strengthen your wands. [potion of mutation]
 11101 | Bailey   | Gained mutation: Your mind is acute. (Int +2) [potion of
                  | mutation]
 11102 | Bailey   | Lost mutation: You expend magic power (3 MP) to strengthen
                  | your wands. [potion of mutation]
 11102 | Bailey   | Lost mutation: Your flesh is heat resistant. (rF+) [potion
                  | of mutation]
 11102 | Bailey   | Lost mutation: Your mind is acute. (Int +2) [potion of
                  | mutation]
 11102 | Bailey   | Gained mutation: Your system is resistant to poisons.
                  | (rPois) [potion of mutation]
 11102 | Bailey   | Gained mutation: You are partially covered in yellow
                  | scales. (AC +2) [potion of mutation]
 11146 | D:13     | Reached skill level 12 in Shields
 11351 | D:13     | Reached ****** piety under Wu Jian
 11375 | D:13     | Noticed a centaur warrior
 11380 | D:13     | Killed a centaur warrior
 11380 | D:13     | Reached skill level 10 in Fighting
 11669 | D:13     | Identified the +4 scale mail of Oraily {rF+} (You found it
                  | on level 12 of the Dungeon)
 11823 | D:14     | Noticed Azrael
 11846 | D:14     | Killed Azrael
 11846 | D:14     | Reached skill level 13 in Shields
 11912 | D:14     | Got a wavering bronze ring
 11913 | D:14     | Identified the ring of Huqytino {+Fly rPois rN+ Str+6
                  | Int+2} (You found it on level 14 of the Dungeon)
 12001 | D:14     | Noticed a tengu warrior
 12006 | D:14     | Noticed a tengu warrior
 12048 | D:14     | Killed a tengu warrior
 12048 | D:14     | Reached XP level 13. HP: 98/114 MP: 4/13
 12128 | D:14     | Reached skill level 5 in Dodging
 12128 | D:14     | Reached skill level 1 in Hexes
 12128 | D:14     | Reached XP level 14. HP: 95/124 MP: 5/15
 12149 | D:14     | Found a gate to the Vaults.
 12369 | D:14     | Found a shimmering altar of Xom.
 12372 | D:14     | Found a shimmering altar of Xom.
 12603 | D:14     | Found a shimmering altar of Xom.
 12607 | D:14     | Found a shimmering altar of Xom.
 12636 | D:15     | Entered Level 15 of the Dungeon
 12883 | D:15     | Noticed Louise
 12887 | D:15     | Reached skill level 14 in Shields
 12958 | D:15     | Killed Louise
 13155 | D:15     | Found Igofegh's Weapon Shop.
 13162 | D:15     | Bought a +0 broad axe of chopping for 152 gold pieces
 13228 | D:15     | Noticed Kirke
 13250 | D:15     | Killed Kirke
 13895 | D:15     | Reached skill level 15 in Shields
 13899 | D:15     | Found a staircase to the Depths.
 14067 | D:15     | Noticed Agnes
 14082 | D:15     | Killed Agnes
 14290 | Orc:1    | Entered Level 1 of the Orcish Mines
 14416 | Orc:1    | Noticed a stone giant
 14984 | Orc:1    | Killed a stone giant
 14984 | Orc:1    | Reached XP level 15. HP: 125/134 MP: 5/16
 15211 | Orc:2    | Entered Level 2 of the Orcish Mines
 15252 | Orc:2    | Noticed an orc warlord
 15275 | Orc:2    | Killed an orc warlord
 15275 | Orc:2    | Reached skill level 1 in Evocations
 15409 | Orc:2    | Found a bloodstained altar of Trog.
 15412 | Orc:2    | Found a staircase to the Elven Halls.
 15447 | Orc:2    | Found a roughly hewn altar of Beogh.
 16198 | Orc:2    | Found Zumonus's Antique Weapon Boutique.
 16198 | Orc:2    | Found Bantolel's Gadget Boutique.
 16199 | Orc:2    | Found Jetzumua's Magic Scroll Shop.
 16202 | Orc:2    | Found Ysoll's Antique Weapon Shop.
 16209 | Orc:2    | Bought a scroll of identify for 22 gold pieces
 16209 | Orc:2    | Bought a scroll of identify for 22 gold pieces
 16209 | Orc:2    | Bought a scroll of identify for 22 gold pieces
 16209 | Orc:2    | Bought a scroll of identify for 22 gold pieces
 16213 | Orc:2    | Bought a shimmering war axe for 263 gold pieces
 16213 | Orc:2    | Identified the cursed +1 war axe of Scorn {venom, rF+ rN+
                  | Str-2 Dex+3} (You bought it in a shop on level 2 of the
                  | Orcish Mines)
 16370 | Elf:1    | Entered Level 1 of the Elven Halls
 16403 | Elf:1    | Reached skill level 16 in Shields
 16415 | Elf:1    | Gained mutation: You are clumsy. (Dex -2) [a neqoxec]
 17060 | Elf:1    | Noticed Aizul
 17072 | Elf:1    | Killed Aizul
 17082 | Elf:1    | Reached skill level 15 in Short Blades
 17087 | Elf:1    | Noticed Roxanne
 17089 | Elf:1    | Found Axem's Food Shop.
 17130 | Elf:1    | Killed Roxanne
 17745 | Elf:1    | Reached skill level 17 in Shields
 18249 | Elf:1    | Identified Jaane's Compendium of Summoning
 18296 | Elf:1    | Reached XP level 16. HP: 125/144 MP: 3/17
 18615 | Elf:1    | Got a dazzling helmet
 18668 | Elf:1    | Got a twisted hand crossbow
 19156 | Elf:2    | Reached skill level 18 in Shields
 20067 | Elf:2    | Found Duushex's Assorted Antiques.
 20072 | Elf:2    | Bought a scroll of identify for 44 gold pieces
 20072 | Elf:2    | Bought a scroll of identify for 44 gold pieces
 20072 | Elf:2    | Identified the +7 hand crossbow of Innidan {elec, rN+
                  | Str+2} (You found it on level 1 of the Elven Halls)
 20107 | Elf:2    | Found a huge runed translucent gate.
 20110 | Elf:2    | Found a huge runed translucent gate.
 20110 | Elf:2    | Found a huge runed translucent gate.
 20111 | Elf:2    | Found a huge runed translucent gate.
 20112 | Elf:2    | Found a huge runed translucent gate.
 20888 | Elf:2    | Reached skill level 19 in Shields
 20903 | Elf:2    | Noticed a deep elf blademaster
 20925 | Elf:2    | Killed a deep elf blademaster
 21254 | Elf:2    | Reached XP level 17. HP: 154/154 MP: 6/18
 21345 | Elf:3    | Entered Level 3 of the Elven Halls
 21572 | Elf:3    | Found Paine's Book Emporium.
 21772 | Elf:3    | Reached skill level 15 in Fighting
 22128 | Elf:3    | Reached skill level 20 in Shields
 22144 | Elf:3    | Noticed a deep elf blademaster
 22158 | Elf:3    | Killed a deep elf blademaster
 22197 | Elf:3    | Noticed a Tzitzimitl
 22203 | Elf:3    | Noticed a Tzitzimitl
 22905 | Elf:3    | Identified the +7 scimitar "Jelly's Doom" {venom, *Contam
                  | *Slow rC++ Dex+9}
 22905 | Elf:3    | Identified the +2 leather armour of Imnafioss {MR+ Str-5
                  | Int+3 Slay+3}
 22920 | Elf:3    | Noticed a deep elf master archer
 22930 | Elf:3    | Noticed a deep elf blademaster
 22932 | Elf:3    | Killed a deep elf master archer
 22933 | Elf:3    | Identified the ring of Harmony {Wiz rElec rN++ Str+4 Dex-3}
 22950 | Elf:3    | Noticed a deep elf master archer
 22964 | Elf:3    | Killed a deep elf master archer
 23657 | Elf:3    | Found the amulet of Vitality {Regen+ HP+15}
 23807 | Elf:3    | Killed a deep elf blademaster
 24183 | Orc:2    | Reached skill level 5 in Throwing
 24430 | Lair:1   | Entered Level 1 of the Lair of Beasts
 24437 | Lair:1   | Got an ancient ring mail
 24803 | Lair:1   | Identified the +4 ring mail of the Endless Expanse {rF+}
                  | (You found it on level 1 of the Lair of Beasts)
 24839 | Lair:1   | Reached XP level 18. HP: 166/166 MP: 6/19
 24963 | Lair:1   | Found a large runed translucent door.
 24968 | Lair:1   | Found a large runed translucent door.
 24973 | Lair:1   | Noticed Scypier's ghost (journeyman TrMo)
 25461 | Lair:2   | Found a staircase to the Snake Pit.
 25469 | Lair:2   | Noticed Erica
 25476 | Lair:2   | Killed Erica
 26033 | Lair:3   | Found a staircase to the Swamp.
 26054 | Swamp:1  | Entered Level 1 of the Swamp
 26459 | Swamp:1  | Reached skill level 21 in Shields
 27426 | Swamp:2  | Identified a scroll of acquirement
 27666 | Swamp:2  | You fall through a shaft!
 28587 | Swamp:2  | Reached skill level 15 in Armour
 29379 | Swamp:4  | Entered Level 4 of the Swamp
 29379 | Swamp:4  | Noticed Mara
 29403 | Swamp:4  | Noticed Marnok's illusion
 29675 | Swamp:4  | Noticed Marnok's illusion
 29978 | Swamp:4  | Noticed Marnok's illusion
 30005 | Swamp:3  | Noticed Marnok's illusion
 30014 | Swamp:3  | Killed Mara
 30014 | Swamp:3  | Reached skill level 22 in Shields
 31006 | Swamp:4  | Reached XP level 19. HP: 133/174 MP: 6/20
 31346 | Swamp:4  | Got a decaying rune of Zot
 32446 | Lair:4   | Found a transporter.
 32451 | Lair:4   | Found a transporter.
 32455 | Lair:4   | Identified the cursed +1 spear of Painful Death {flame,
                  | Str+6 Stlth+}
 32456 | Lair:4   | Found a bloodstained altar of Trog.
 32659 | Lair:4   | Identified the cursed +0 spear of the Pits of Slime {elec,
                  | rF+}
 32659 | Lair:4   | Noticed Xyudeake's ghost (journeyman DEFE)
 32812 | Lair:5   | Found a staircase to the Slime Pits.
 32813 | Lair:5   | Found a viscous altar of Jiyva.
 32823 | Slime:1  | Entered Level 1 of the Pits of Slime
 33604 | Slime:2  | Gained mutation: You are very clumsy. (Dex -4) [a shining
                  | eye]
 33608 | Slime:2  | Gained mutation: You evolve. [a shining eye]
 33609 | Slime:2  | Gained mutation: Scrolls take you a little longer to read.
                  | [a shining eye]
 33612 | Slime:2  | Gained mutation: You are dopey. (Int -2) [a shining eye]
 33614 | Slime:2  | Gained mutation: Your flesh is cold resistant. (rC+) [a
                  | shining eye]
 33618 | Slime:2  | Gained mutation: Your spells are a little easier to cast,
                  | but a little less powerful. [a shining eye]
 33627 | Slime:2  | Gained mutation: You are frail. (-10% HP) [a shining eye]
 33630 | Slime:2  | Gained mutation: Your body sometimes deteriorates upon
                  | taking damage. [a shining eye]
 33666 | Slime:2  | Reached skill level 23 in Shields
 34593 | Slime:3  | Lost mutation: You are very clumsy. (Dex -4) [evolution]
 34625 | Slime:3  | HP: 1/159 [acid (8)]
 34625 | Slime:3  | Killed from afar by an acid blob

Skill      XL: |  1  2  3  4  5  6  7  8  9 10 11 12 13 14 15 16 17 18 19 |
---------------+----------------------------------------------------------+-----
Shields        | 4 5 6 7 8 9 11 13 15 17 19 20 22 23 | 23.1
Fighting       | 4 5 7 9 10 11 12 13 14 15 16 17 | 17.3
Armour         | 4 5 6 7 8 9 10 11 12 13 14 15 | 15.4
Axes           | 3 4 5 6 7 |  7.8
Dodging        | 1 2 3 4 5 6 7 8 9 |  9.0
Short Blades   | 4 7 10 12 13 14 15 16 17 | 17.5
Stealth        | 1 2 3 4 |  4.2
Spellcasting   | 1 |  1.6
Long Blades    | 2 |  2.2
Throwing       | 2 4 5 |  5.1
Hexes          | 1 |  1.5
Evocations     | 1 2 |  2.9

Action                   |  1- 3 |  4- 6 |  7- 9 | 10-12 | 13-15 | 16-18 | 19-21 || total
-------------------------+-------+-------+-------+-------+-------+-------+-------++-------
Melee: War axe           |    80 |   120 |    38 |       |       |       |       ||   238
       Headbutt          |    11 |    15 |    49 |   160 |   300 |   569 |   224 ||  1328
       Rapier            |       |       |   185 |   734 |   963 |  2058 |   529 ||  4469
       Kick              |       |       |    67 |   200 |       |       |       ||   267
Throw: Tomahawk          |       |       |     3 |       |    22 |    28 |     3 ||    56
       Javelin           |       |       |       |     2 |       |       |       ||     2
Invok: Lunge             |       |       |    13 |    57 |    55 |    83 |    16 ||   224
       Whirlwind         |       |       |     2 |    34 |   128 |   128 |    26 ||   318
       Heavenly Storm    |       |       |       |       |     5 |     3 |     2 ||    10
 Abil: Evoke Ratskin     |       |       |       |     1 |     5 |     5 |     2 ||    13
Evoke: Wand              |       |       |     1 |       |       |     1 |       ||     2
       Fan of gales      |       |       |       |       |       |     1 |       ||     1
  Use: Scroll            |       |       |    15 |    10 |    15 |    12 |     5 ||    57
       Potion            |       |       |    11 |     4 |    12 |    12 |     4 ||    43
 Stab: Confused          |       |       |       |       |       |     3 |       ||     3
  Eat: Chunk             |       |     7 |     7 |    20 |     9 |    29 |     2 ||    74
       Ration            |       |       |     1 |       |     4 |     5 |     3 ||    13
Armor: Scale mail        |    40 |    56 |    13 |       |       |       |       ||   109
       Chain mail        |       |       |    60 |   186 |    92 |   324 |   105 ||   767
Dodge: Dodged            |    29 |    50 |    80 |   149 |   109 |   291 |    91 ||   799
Block: Shield            |    34 |    75 |   122 |   377 |    90 |       |       ||   698
       Reflection        |       |       |       |    36 |    60 |    87 |    15 ||   198
       Large shield      |       |       |       |       |   518 |  1550 |   470 ||  2538
